 Dungeon Crawl Stone Soup version 0.27.1 (webtiles) character file.

Game seed: 7876813936492614269

403788 packetloss the Lord of Darkness (level 23, -6/181 HPs)
             Began as a Gnoll Hedge Wizard on Aug 25, 2021.
             Was the Champion of Kikubaaqudgha.
             Mangled by a death scarab (18 damage)
             ... summoned by a royal mummy
             ... on level 3 of the Depths on Aug 27, 2021.
             The game lasted 05:13:41 (68718 turns).

packetloss the Lord of Darkness (GnWz)             Turns: 68718, Time: 05:13:42

Health: -6/181     AC: 25    Str: 11    XL:     23   Next: 36%
Magic:  10/43      EV: 16    Int: 26    God:    Kikubaaqudgha [******]
Gold:   1555       SH:  9    Dex: 20    Spells: 17/54 levels left

rFire    + . .     SeeInvis .   b - +3 sling "Punk" {acid, rCorr}
rCold    . . .     Faith    .   I - +0 buckler {reflect}
rNeg     + . .     Spirit   .   J - +4 fire dragon scales {Xtahua}
rPois    +         Reflect  +   c - +1 helmet
rElec    +         Harm     .   k - scarf {repulsion}
rCorr    +         Rampage  .   o - +1 pair of gloves
Will     ++...                  w - +1 pair of boots "Yfucot" {rElec rCorr Dex+4}
Stlth    +++++.....             f - amulet "Ulofyu" {rElec rPois Regen+}
HPRegen  1.40/turn              Z - ring of Gulun {Ice rN+ Will+ Dex+2}
MPRegen  0.28/turn              P - +6 ring of intelligence

@: about to teleport, slowed, studying Invocations, repel missiles, very slow
A: fangs 1, strong nose, distributed training
}: 2/15 runes: barnacled, abyssal
a: Renounce Religion, Receive Corpses, Torment, Brand Weapon With Pain, Receive
Forbidden Knowledge


You were on level 3 of the Depths.
You worshipped Kikubaaqudgha.
Kikubaaqudgha was exalted by your worship.
You visited 8 branches of the dungeon, and saw 38 of its levels.
You visited the Abyss 1 time.
You also visited: Sewer and Wizlab.

You collected 5506 gold pieces.
You spent 3951 gold pieces at shops.

Inventory:

Hand Weapons
 a - the +6 trident of Flawed Execution {protect, Int+3}
   (You found it on level 6 of the Lair of Beasts)

   It grants its wielder temporary protection when it strikes (+7 to AC).
   Int:       It affects your intelligence (+3).
 b - the +3 sling "Punk" (weapon) {acid, rCorr}
   (You acquired it on level 15 of the Dungeon)

   Any ammunition fired from it is coated in acid, damaging and corroding those
   it strikes.
   rCorr:     It protects you from acid and corrosion.
 p - the +9 sword of Zonguldrok {reap}
   (You took it off an ancient champion in a wizard's laboratory)

   Any living foe damaged by it may be reanimated upon death as a zombie
   friendly to the wielder, with an increasing chance as more damage is dealt.
 t - a +0 demon trident of draining
 T - a +4 eveningstar of holy wrath
Missiles
 y - 439 stones (quivered ammo)
 H - 108 sling bullets
Armour
 c - a +1 helmet (worn)
 k - a scarf of repulsion (worn)
 o - a +1 pair of gloves (worn)
 w - the +1 pair of boots "Yfucot" (worn) {rElec rCorr Dex+4}
   (You found it on level 2 of the Depths)

   Dex:       It affects your dexterity (+4).
   rElec:     It insulates you from electricity.
   rCorr:     It protects you from acid and corrosion.
 I - a +0 buckler of reflection (worn)
 J - +4 fire dragon scales (worn) {Xtahua}
 N - the +0 pair of gloves "Jemnikys" {rCorr}
   (You bought it in a shop on level 2 of the Elven Halls)

   rCorr:     It protects you from acid and corrosion.
Jewellery
 f - the amulet "Ulofyu" (around neck) {rElec rPois Regen+}
   (You acquired it on level 1 of the Lair of Beasts)

   [amulet of regeneration]

   rElec:     It insulates you from electricity.
   rPois:     It protects you from poison.
   Regen:     It increases your rate of health regeneration.
 g - a ring of protection from fire
 i - a ring of willpower
 B - the ring "Vonyuff" {rC++ Str+6 Int+5 Slay-4}
   (You took it off a deep elf annihilator on level 3 of the Elven Halls)

   [ring of strength]

   Str:       It affects your strength (+6).
   Int:       It affects your intelligence (+5).
   Slay:      It affects your accuracy & damage with ranged weapons and melee
   (-4).
   rC:        It greatly protects you from cold.
 P - a +6 ring of intelligence (right hand)
 R - a ring of positive energy
 V - a ring of see invisible
 Z - the ring of Gulun (left hand) {Ice rN+ Will+ Dex+2}
   (You bought it in a shop on level 3 of the Dungeon)

   [ring of ice]

   It enhances your ice magic.
   Dex:       It affects your dexterity (+2).
   rF:        It makes you vulnerable to fire.
   rC:        It protects you from cold.
   rN:        It protects you from negative energy.
   Will:      It increases your willpower.
Wands
 e - a wand of mindburst (8)
 u - a wand of acid (17)
 v - a wand of charming (11)
 x - a wand of paralysis (27)
 Q - a wand of iceblast (47)
 S - a wand of digging (24)
Scrolls
 d - 10 scrolls of teleportation
 j - 4 scrolls of silence
 n - 6 scrolls of enchant weapon
 q - 2 scrolls of holy word
 E - 8 scrolls of magic mapping
 F - 3 scrolls of blinking
 O - 7 scrolls of fog
 W - a scroll of summoning
 X - 7 scrolls of fear
 Y - 3 scrolls of amnesia
Potions
 l - 6 potions of berserk rage
 r - 18 potions of curing
 s - 4 potions of flight
 z - 7 potions of heal wounds
 A - 3 potions of invisibility
 C - 4 potions of magic
 D - 8 potions of haste
 G - 2 potions of resistance
 K - 6 potions of brilliance
 U - 6 potions of might
Miscellaneous
 h - a phantom mirror
 m - a condenser vane
 L - a lightning rod (4/4)
 M - a piece from Xom's chessboard (15/15)


   Skills:
 + Level 15.1 Fighting
 + Level 15.1 Short Blades
 + Level 15.1 Long Blades
 + Level 15.1 Axes
 + Level 15.1 Maces & Flails
 + Level 15.1 Polearms
 + Level 15.1 Staves
 + Level 15.1 Slings
 + Level 15.1 Bows
 + Level 15.1 Crossbows
 + Level 15.1 Throwing
 + Level 15.1 Armour
 + Level 15.6 Dodging
 + Level 15.5 Stealth
 + Level 15.1 Shields
 + Level 15.1 Unarmed Combat
 + Level 16.3 Spellcasting
 + Level 13.1 Conjurations
 + Level 13.0 Hexes
 + Level 13.1 Summonings
 + Level 13.0 Necromancy
 + Level 13.1 Translocations
 + Level 13.0 Transmutations
 + Level 13.0 Fire Magic
 + Level 13.0 Ice Magic
 + Level 13.0 Air Magic
 + Level 13.0 Earth Magic
 + Level 13.0 Poison Magic
 + Level 18.9 Invocations
 + Level 15.1 Evocations


You had 17 spell levels left.
You knew the following spells:

 Your Spells              Type           Power      Damage    Failure   Level
a - Magic Dart            Conj           100%       1d8       1%          1
b - Blink                 Tloc           N/A        N/A       1%          2
c - Call Imp              Summ           74%        N/A       1%          2
d - Mephitic Cloud        Conj/Pois/Air  73%        N/A       1%          3
e - Ensorcelled Hibernat  Hex/Ice        100%       N/A       1%          2
f - Dispel Undead         Necr           73%        3d24      1%          4
g - Sticky Flame          Conj/Fire      73%        2d9       1%          4
h - Fulminant Prism       Conj/Hex       36%        3d18      1%          4
i - Borgnjor's Vile Clut  Necr/Erth      36%        N/A       1%          5
j - Freezing Cloud        Conj/Ice/Air   46%        6-21      1%          5
k - Lee's Rapid Deconstr  Erth           36%        3d19*     1%          5

Your spell library contained the following spells:

 Spells                   Type           Power      Damage    Failure   Level
 Animate Skeleton         Necr           100%       N/A       1%          1
 Apportation              Tloc           100%       N/A       1%          1
 Beastly Appendage        Tmut           100%       N/A       1%          1
 Corona                   Hex            81%        N/A       1%          1
 Pain                     Necr           100%       1d9       1%          1
 Sandblast                Erth           100%       2d20      1%          1
 Shock                    Conj/Air       100%       1d9       1%          1
 Sting                    Tmut/Pois      100%       1d8       1%          1
 Summon Small Mammal      Summ           100%       N/A       1%          1
 Passwall                 Tmut/Erth      60%        N/A       1%          2
 Poisonous Vapours        Pois/Air       100%       N/A       1%          2
 Slow                     Hex            73%        N/A       1%          2
 Sublimation of Blood     Necr           36%        N/A       1%          2
 Confusing Touch          Hex            73%        N/A       1%          3
 Conjure Flame            Conj/Fire      73%        6-21      1%          3
 Dazzling Flash           Conj/Hex       100%       N/A       1%          3
 Gell's Gravitas          Tloc           37%        N/A       1%          3
 Ignite Poison            Fire/Tmut/Pois 73%        N/A       1%          3
 Lesser Beckoning         Tloc           37%        N/A       1%          3
 Ozocubu's Armour         Ice            93%        N/A       1%          3
 Portal Projectile        Hex/Tloc       100%       N/A       1%          3
 Spider Form              Tmut/Pois      36%        N/A       1%          3
 Stone Arrow              Conj/Erth      100%       3d13      1%          3
 Summon Guardian Golem    Hex/Summ       73%        N/A       1%          3
 Swiftness                Air            73%        N/A       1%          3
 Teleport Other           Tloc           74%        N/A       1%          3
 Vampiric Draining        Necr           36%        2d11      1%          3
 Airstrike                Air            36%        N/A       1%          4
 Animate Dead             Necr           36%        N/A       1%          4
 Cause Fear               Hex            36%        N/A       1%          4
 Iskenderun's Mystic Bla  Conj/Tloc      74%        2d15      1%          4
 Olgreb's Toxic Radiance  Pois           73%        N/A       1%          4
 Petrify                  Tmut/Erth      73%        N/A       1%          4
 Summon Ice Beast         Ice/Summ       94%        N/A       1%          4
 Summon Lightning Spire   Summ/Air       73%        N/A       1%          4
 Agony                    Necr           73%        N/A       1%          5
 Blade Hands              Tmut           36%        N/A       1%          5
 Bolt of Magma            Conj/Fire/Erth 36%        4d16      1%          5
 Excruciating Wounds      Necr           36%        N/A       1%          5
 Iskenderun's Battlesphe  Conj           74%        2d12      1%          5
 Lightning Bolt           Conj/Air       36%        1d54      1%          5
 Manifold Assault         Tloc           74%        N/A       1%          5
 Metabolic Englaciation   Hex/Ice        46%        N/A       1%          5
 Silence                  Hex/Air        36%        N/A       1%          5
 Summon Mana Viper        Hex/Summ       73%        N/A       1%          5
 Yara's Violent Unravell  Hex/Tmut       36%        3d15      1%          5
 Dispersal                Tloc           37%        N/A       7%          6
 Shadow Creatures         Summ           N/A        N/A       7%          6
 Death Channel            Necr           36%        N/A       8%          6
 Invisibility             Hex            36%        N/A       8%          6
 Iron Shot                Conj/Erth      36%        9d7       8%          6
 Simulacrum               Ice/Necr       46%        N/A       8%          6
 Statue Form              Tmut/Erth      48%        N/A       8%          6
 Malign Gateway           Summ/Tloc      37%        N/A       36%         7
 Monstrous Menagerie      Summ           37%        N/A       36%         7
 Orb of Destruction       Conj           37%        9d13      36%         7
 Spellforged Servitor     Conj/Summ      37%        N/A       36%         7
 Dragon Form              Tmut           36%        N/A       38%         7
 Ozocubu's Refrigeration  Ice            46%        4d14      38%         7
 Storm Form               Tmut/Air       36%        N/A       38%         7
 Maxwell's Capacitive Co  Air            36%        ∞         97%         8
 Necromutation            Tmut/Necr      36%        N/A       97%         8
 Summon Horrible Things   Summ           37%        N/A       97%         8
 Dragon's Call            Summ           37%        N/A       100%        9
 Polar Vortex             Ice            46%        N/A       100%        9
 Shatter                  Erth           36%        3d29*     100%        9


Dungeon Overview and Level Annotations

Branches:
Dungeon (15/15)            Temple (0/1) D:4            Lair (6/6) D:9
 Shoals (4/4) Lair:2        Snake (1/4) Lair:2        Slime (0/5) Lair:5
    Orc (2/2) D:9             Elf (3/3) Orc:2        Vaults (4/5) D:13
  Crypt (0/3) Vaults:2     Depths (3/5) D:15          Sewer (visited)
 WizLab (visited)

Altars:
Ashenzari
Cheibriados
Dithmenos
Fedhas
Hepliaklqana
Kikubaaqudgha
Makhleb
Nemelex Xobeh
Okawaru
Sif Muna
Trog
Wu Jian
Yredelemnul
The Shining One
Beogh

Shops:
D:3 =   Orc:2 ?=:?   Elf:2 =**:   Elf:3 [*   Depths:1 *   Depths:3 (

Portals:
Hell: Depths:1 Depths:2
Abyss: Depths:1
Pandemonium: Depths:3
Ziggurat: Depths:1

Annotations:
Elf:2 3 runed translucent doors
Depths:1 1 runed translucent door
Depths:3 Mennas


Innate Abilities, Weirdness & Mutations

You have very sharp teeth.
Your uncanny sense of smell can sniff out nearby items.
Your experience applies equally to all skills.


Message History

The death scarab bites you! The death scarab drains your vigour!
You feel as though you will be slow longer.
The death scarab draws strength from your injuries!
The death scarab bites you!!
* * * LOW HITPOINT WARNING * * *
The death scarab draws strength from your injuries!
The royal mummy is engulfed in freezing vapours.
The death scarab barely misses you. You block the death scarab's attack.
The emperor scorpion is engulfed in freezing vapours.
The royal mummy is engulfed in freezing vapours.
You take 30 damage, and have 38/181 hp.
You now have 15/43 mp.
Casting: Lee's Rapid Deconstruction (mildly dangerous; 1% risk of failure)
Confirm with . or Enter, or press ? or * to list all spells.
Aiming: Lee's Rapid Deconstruction (mildly dangerous; 1% risk of failure)
Press: ? - help, Dir - move target A stone wall.
The wall shatters!
The blast of rock fragments hits the emperor scorpion!
The emperor scorpion is lightly wounded.
The blast of rock fragments hits the royal mummy but does no damage.
The royal mummy is almost destroyed.
The blast of rock fragments hits the emperor scorpion but does no damage.
The emperor scorpion is heavily wounded.
The death scarab bites you!
* * * LOW HITPOINT WARNING * * *
The death scarab drains your vigour!
You feel as though you will be slow longer.
The death scarab draws strength from your injuries!
You block the death scarab's attack. The death scarab misses you.
The death scarab bites you.
* * * LOW HITPOINT WARNING * * *
The death scarab drains your vigour!
You feel as though you will be slow longer.
The emperor scorpion barely misses you.
You block the emperor scorpion's attack.
The emperor scorpion claws you!
* * * LOW HITPOINT WARNING * * *
The death scarab bites you!!
You die...
Kikubaaqudgha rasps: "You have failed me!
Welcome... death!"

.......#######................#
.......# #...........####..#
..###### # #)########### #.....
...## .§ #..#......# ......
....## #§§##..)##..## .....##
.....## #§§##.##..## ......#
......## #§s###B.## .##....#
.......## #Ms#.B## .. #....#
........## #ss@## .[ #....##
.........# ##B## ......
####...### ## #....# ......
##....# ###∆ #....##......
##.....# #.### #....##...###
..≈....## #...# #....##...#
≈≈≈≈≈.≈.###...# #....##...#
≈≈≈≈≈≈≈≈.##...# #....##...###
≈#≈≈≈#≈≈.##...# #....##......


You could see a royal mummy, 4 emperor scorpions and 3 death scarabs.

Vanquished Creatures
  An ancient lich (WizLab)
  Mara (Depths:1)
  A juggernaut (Abyss:3)
  A royal mummy (Depths:3)
  Xtahua (Depths:3)
  Rupert (D:13)
  Asterion (Depths:2)
  A lich (Depths:2)
  2 deep elf master archers (Elf:3)
  2 deep elf blademasters (Elf:3)
  3 sphinxes
  2 ancient champions (WizLab)
  A tentacled starspawn (Abyss:2)
  A shadow dragon (Vaults:3)
  The ghost of Ubraesch the Brawler, an adept TrMo of Nemelex Xobeh (Depths:1)
  A tengu reaver (Vaults:4)
  A nagaraja (Snake:1)
  Ilsuiw (Shoals:4)
  Roxanne (D:14)
  4 frost giants
  2 fire giants
  6 deep elf sorcerers
  A balrug (Depths:3)
  2 orc warlords (Orc:2)
  3 vault wardens (Vaults:4)
  An angel (Abyss:3)
  A curse skull (Vaults:2)
  4 deep elf elementalists
  A quicksilver ooze (shapeshifter) (D:15)
  9 stone giants
  12 ironbound preservers
  2 ophanim (Abyss:3)
  30 very ugly things
  3 deep elf demonologists
  3 entropy weavers
  A green draconian (Abyss:2)
  6 dire elephants
  7 deep elf annihilators (Elf:3)
  4 merfolk javelineers
  4 spark wasps (Depths:2)
  10 merfolk impalers
  5 ettins
  A green death (Depths:2)
  8 deep elf death magi
  10 yaktaur captains
  2 mummy priests (Depths:3)
  A deep elf high priest (Elf:3)
  4 fire dragons
  5 rakshasas
  5 great orbs of eyes
  12 hydras
  A salamander tyrant (Snake:1)
  An ice dragon (Depths:2)
  The ghost of Renzlar the Blocker, a journeyman GnFi of Okawaru (Lair:2)
  A catoblepas (Lair:6)
  7 ironbound thunderhulks
  9 centaur warriors
  A peacekeeper (Vaults:3)
  5 ironbound frosthearts
  An ogre mage (Vaults:4)
  2 alligator snapping turtles
  An anaconda (Snake:1)
  4 boulder beetles
  The ghost of velxir3 the Thaumaturge, a journeyman DjNe of Makhleb (Lair:2)
  3 merfolk avatars
  5 merfolk aquamancers
  10 two-headed ogres
  A deep troll shaman (Depths:2)
  10 dancing weapons
  4 orc high priests (Orc:2)
  3 satyrs
  5 tengu warriors
  A hell hog (Depths:2)
  A vampire mage (Vaults:2)
  3 deep troll earth magi (Depths:2)
  2 spriggan berserkers (Depths:2)
  2 death yaks
  10 hell knights (Depths:2)
  2 thrashing horrors (Abyss:3)
  6 ironbound beastmasters
  The ghost of dduke234 the Fighter, a novice HOMo of Ashenzari (D:9)
  10 deep elf knights
  25 harpies
  4 soul eaters (Depths:2)
  12 skeletal warriors
  8 sun demons
  A wretched star (Abyss:2)
  4 iron trolls (Depths:2)
  2 cherubim (Abyss:3)
  14 sea snakes
  A sixfirhy (Abyss:2)
  A fire crab (Lair:6)
  36 deep trolls
  A death drake (Abyss:2)
  2 deep trolls (shapeshifter)
  A large abomination (Abyss:2)
  2 glowing orange brains
  A phantasmal warrior (Vaults:3)
  14 deep elf archers
  A naga ritualist (Snake:1)
  6 wizards
  6 lindwurms
  A necromancer (Vaults:2)
  11 ironbound convokers
  8 orc knights
  21 deep elf pyromancers
  51 ugly things
  2 mana vipers
  20 deep elf zephyrmancers
  10 fauns
  5 orc sorcerers
  4 oklob plants (Lair:6)
  4 salamanders
  18 manticores
  3 rust devils (Depths:2)
  19 elephants
  6 water nymphs (Shoals:4)
  15 vault sentinels
  13 black mambas
  12 merfolk sirens
  13 cyclopes
  An eye of devastation (Lair:5)
  An orange demon (Depths:2)
  7 smoke demons
  3 naga magi (Snake:1)
  14 cane toads
  3 torpor snails
  2 gargoyles
  2 hellions (Depths:2)
  4 efreet
  A kobold demonologist (D:7)
  5 rime drakes
  18 yaktaurs
  3 tengu conjurers
  An ancient zyme (Abyss:2)
  3 ice devils
  10 komodo dragons
  24 merfolk
  A freezing wraith (D:15)
  4 red devils (Depths:2)
  6 trolls
  6 polar bears
  3 wind drakes
  Prince Ribbit (D:7)
  A jumping spider (Vaults:1)
  2 blink frogs (shapeshifter) (D:14)
  Grinder (D:6)
  6 hornets
  13 blink frogs
  6 snapping turtles
  18 dream sheep
  A centaur simulacrum (D:13)
  37 slime creatures
  Sigmund (D:6)
  6 wyverns
  A flying skull (Vaults:2)
  5 vampires
  9 spriggans
  A fire bat (Abyss:3)
  3 ynoxinuls (Depths:2)
  42 yaks
  30 water elementals
  A wraith (Vaults:2)
  4 air elementals
  16 humans
  The ghost of Thatpatchoflichen the Skirmisher, an amateur MiMo (D:3)
  5 fire elementals
  2 basilisks
  An elf skeleton (Vaults:2)
  11 vampire mosquitoes
  3 neqoxecs
  3 chaos spawn (Depths:2)
  Edmund (D:4)
  7 wargs
  Menkaure (D:6)
  6 nagas
  2 human zombies (Vaults:2)
  16 water moccasins
  5 two-headed ogre zombies (WizLab)
  A floating eye (Lair:5)
  An ice beast (shapeshifter) (D:15)
  48 orc warriors
  An ice beast (D:6)
  A sky beast (D:6)
  4 black bears
  18 ogres
  2 necrophages (D:7)
  3 phantoms
  6 wolves
  12 centaurs
  2 boggarts (Depths:2)
  A human skeleton (Vaults:2)
  3 small abominations
  Blork the orc (D:4)
  7 kobold brigands
  5 earth elementals
  7 bullfrogs
  A gnoll sergeant (D:9)
  3 scorpions
  7 troll zombies (WizLab)
  10 killer bees
  6 wights (WizLab)
  8 howler monkeys
  10 electric eels
  3 centaur zombies
  A bullfrog zombie (D:7)
  A quasit (Abyss:3)
  4 hounds
  An iron imp (Abyss:2)
  3 jellies
  2 gnoll shamans
  32 orc priests
  Crazy Yiuf (D:4)
  3 centaur skeletons
  24 orc wizards
  An iguana (D:6)
  5 hell rats (Lair:5)
  3 killer bee zombies
  6 ogre zombies (WizLab)
  A hound skeleton (D:4)
  A howler monkey zombie (D:7)
  6 gnolls
  9 adders
  7 river rats (Sewer)
  A shadow imp (D:6)
  3 white imps
  3 worms
  2 dart slugs
  124 orcs
  12 ball pythons
  10 endoplasms
  5 giant cockroaches
  14 goblins
  7 hobgoblins
  3 jackals
  2 quokkas
  6 bats
  3 frilled lizards
  34 kobolds
  22 rats
1609 creatures vanquished.

Vanquished Creatures (collateral kills)
  Grum (D:8)
1 creature vanquished.

Vanquished Creatures (others)
  3 merfolk aquamancers
  An elephant (Lair:6)
  A merfolk (Shoals:1)
  A golden eye (shapeshifter) (Elf:1)
  A water moccasin (Lair:6)
  99 fulminant prisms
  48 fungi
  142 plants
  4 starspawn tentacles (Abyss:2)
  6 withered plants (Lair:2)
306 creatures vanquished.

Grand Total: 1916 creatures vanquished

Notes
Turn   | Place    | Note
-------+----------+-------------------------------------------
     0 | D:1      | packetloss the Gnoll Hedge Wizard began the quest for the
                  | Orb.
     0 | D:1      | Reached XP level 1. HP: 13/13 MP: 8/8
   118 | D:1      | Reached skill level 2 in Conjurations
   118 | D:1      | Reached skill level 2 in Summonings
   118 | D:1      | Reached skill level 2 in Translocations
   189 | D:1      | Reached XP level 2. HP: 20/20 MP: 0/10
   476 | D:1      | Found a faded altar of an unknown god.
   484 | D:1      | Reached XP level 3. HP: 25/25 MP: 6/11
   493 | D:1      | Became a worshipper of Kikubaaqudgha
   493 | D:1      | Reached * piety under Kikubaaqudgha
   493 | D:1      | Received a gift from Kikubaaqudgha
   497 | D:1      | Learned a level 2 spell: Blink
   500 | D:1      | Learned a level 2 spell: Call Imp
   504 | D:1      | Learned a level 3 spell: Mephitic Cloud
   666 | D:1      | Learned a level 2 spell: Ensorcelled Hibernation
   746 | D:1      | You fall into a shaft and drop 1 floor!
  1158 | D:2      | Reached skill level 1 in Invocations
  1581 | D:2      | Reached skill level 1 in Fighting
  1581 | D:2      | Reached skill level 1 in Short Blades
  1581 | D:2      | Reached skill level 1 in Long Blades
  1581 | D:2      | Reached skill level 1 in Axes
  1581 | D:2      | Reached skill level 1 in Maces & Flails
  1581 | D:2      | Reached skill level 1 in Polearms
  1581 | D:2      | Reached skill level 1 in Staves
  1581 | D:2      | Reached skill level 1 in Slings
  1581 | D:2      | Reached skill level 1 in Bows
  1581 | D:2      | Reached skill level 1 in Crossbows
  1581 | D:2      | Reached skill level 1 in Throwing
  1581 | D:2      | Reached skill level 1 in Armour
  1581 | D:2      | Reached skill level 1 in Shields
  1581 | D:2      | Reached skill level 1 in Unarmed Combat
  1581 | D:2      | Reached skill level 1 in Evocations
  1581 | D:2      | Reached XP level 4. HP: 32/32 MP: 8/13
  2070 | D:2      | Reached ** piety under Kikubaaqudgha
  2345 | D:3      | Reached skill level 1 in Hexes
  2345 | D:3      | Reached skill level 1 in Necromancy
  2345 | D:3      | Reached skill level 1 in Transmutations
  2345 | D:3      | Reached skill level 1 in Fire Magic
  2345 | D:3      | Reached skill level 1 in Ice Magic
  2345 | D:3      | Reached skill level 1 in Air Magic
  2345 | D:3      | Reached skill level 1 in Earth Magic
  2345 | D:3      | Reached skill level 1 in Poison Magic
  2398 | D:3      | Found Nown's Jewellery Emporium.
  2724 | D:3      | Reached XP level 5. HP: 37/37 MP: 8/14
  2985 | D:3      | Found a runed translucent gate.
  3036 | D:3      | Found a runed translucent gate.
  3037 | D:3      | Found a runed translucent gate.
  3037 | D:3      | Noticed Thatpatchoflichen's ghost (amateur MiMo)
  3037 | D:3      | Noticed a kobold brigand
  3166 | D:3      | Found a blossoming altar of Fedhas.
  3688 | D:4      | Found a burning altar of Makhleb.
  3726 | D:4      | HP: 9/37 [poisoned by a kobold]
  3731 | D:4      | HP: 4/37 [poisoned by a kobold]
  4137 | D:4      | Noticed Blork the orc
  4164 | D:4      | Noticed Edmund
  4491 | D:4      | Reached skill level 2 in Invocations
  4491 | D:4      | Reached XP level 6. HP: 28/44 MP: 10/16
  4753 | D:5      | Entered Level 5 of the Dungeon
  4754 | D:5      | Identified a scroll of acquirement
  4808 | D:5      | Acquired 671 gold pieces
  4820 | D:5      | Found a glowing drain.
  4861 | Sewer    | Entered a sewer
  5060 | Sewer    | Reached skill level 2 in Fighting
  5060 | Sewer    | Reached skill level 2 in Short Blades
  5060 | Sewer    | Reached skill level 2 in Long Blades
  5060 | Sewer    | Reached skill level 2 in Axes
  5060 | Sewer    | Reached skill level 2 in Maces & Flails
  5060 | Sewer    | Reached skill level 2 in Polearms
  5060 | Sewer    | Reached skill level 2 in Staves
  5060 | Sewer    | Reached skill level 2 in Slings
  5060 | Sewer    | Reached skill level 2 in Bows
  5060 | Sewer    | Reached skill level 2 in Crossbows
  5060 | Sewer    | Reached skill level 2 in Throwing
  5060 | Sewer    | Reached skill level 2 in Armour
  5060 | Sewer    | Reached skill level 5 in Dodging
  5060 | Sewer    | Reached skill level 2 in Shields
  5060 | Sewer    | Reached skill level 2 in Unarmed Combat
  5060 | Sewer    | Reached skill level 2 in Evocations
  5100 | Sewer    | Reached *** piety under Kikubaaqudgha
  5100 | Sewer    | Received a gift from Kikubaaqudgha
  5338 | Sewer    | Reached XP level 7. HP: 50/50 MP: 15/18
  5611 | D:5      | Reached skill level 2 in Hexes
  5611 | D:5      | Reached skill level 2 in Necromancy
  5611 | D:5      | Reached skill level 2 in Transmutations
  5611 | D:5      | Reached skill level 2 in Fire Magic
  5611 | D:5      | Reached skill level 2 in Ice Magic
  5611 | D:5      | Reached skill level 2 in Air Magic
  5611 | D:5      | Reached skill level 2 in Earth Magic
  5611 | D:5      | Reached skill level 2 in Poison Magic
  5901 | D:5      | Reached skill level 3 in Conjurations
  5901 | D:5      | Reached skill level 3 in Summonings
  5901 | D:5      | Reached skill level 3 in Translocations
  6264 | D:4      | Learned a level 4 spell: Dispel Undead
  6274 | D:5      | Reached skill level 5 in Stealth
  6331 | D:5      | Found a broken altar of Ashenzari.
  6368 | D:5      | Reached skill level 3 in Invocations
  6566 | D:5      | Reached XP level 8. HP: 54/57 MP: 12/19
  6781 | D:6      | Noticed Menkaure
  6797 | D:6      | Reached skill level 3 in Fighting
  6797 | D:6      | Reached skill level 3 in Short Blades
  6797 | D:6      | Reached skill level 3 in Long Blades
  6797 | D:6      | Reached skill level 3 in Axes
  6797 | D:6      | Reached skill level 3 in Maces & Flails
  6797 | D:6      | Reached skill level 3 in Polearms
  6797 | D:6      | Reached skill level 3 in Staves
  6797 | D:6      | Reached skill level 3 in Slings
  6797 | D:6      | Reached skill level 3 in Bows
  6797 | D:6      | Reached skill level 3 in Crossbows
  6797 | D:6      | Reached skill level 3 in Throwing
  6797 | D:6      | Reached skill level 3 in Armour
  6797 | D:6      | Reached skill level 3 in Shields
  6797 | D:6      | Reached skill level 3 in Unarmed Combat
  6797 | D:6      | Reached skill level 3 in Evocations
  6860 | D:6      | Reached **** piety under Kikubaaqudgha
  7228 | D:6      | Killed Menkaure
  7278 | D:6      | Reached skill level 8 in Spellcasting
  7308 | D:6      | Noticed Sigmund
  7313 | D:6      | Killed Sigmund
  7327 | D:6      | Reached skill level 3 in Hexes
  7327 | D:6      | Reached skill level 3 in Necromancy
  7327 | D:6      | Reached skill level 3 in Transmutations
  7327 | D:6      | Reached skill level 3 in Fire Magic
  7327 | D:6      | Reached skill level 3 in Ice Magic
  7327 | D:6      | Reached skill level 3 in Air Magic
  7327 | D:6      | Reached skill level 3 in Earth Magic
  7327 | D:6      | Reached skill level 3 in Poison Magic
  7327 | D:6      | Reached skill level 4 in Invocations
  7472 | D:6      | Found a bloodstained altar of Trog.
  7483 | D:6      | Noticed Grinder
  7521 | D:7      | Reached skill level 6 in Dodging
  7527 | D:7      | Reached XP level 9. HP: 65/65 MP: 14/21
  7699 | D:7      | Noticed Prince Ribbit
  7705 | D:7      | Killed Prince Ribbit
  7706 | D:7      | Reached skill level 4 in Fighting
  7706 | D:7      | Reached skill level 4 in Short Blades
  7706 | D:7      | Reached skill level 4 in Long Blades
  7706 | D:7      | Reached skill level 4 in Axes
  7706 | D:7      | Reached skill level 4 in Maces & Flails
  7706 | D:7      | Reached skill level 4 in Polearms
  7706 | D:7      | Reached skill level 4 in Staves
  7706 | D:7      | Reached skill level 4 in Slings
  7706 | D:7      | Reached skill level 4 in Bows
  7706 | D:7      | Reached skill level 4 in Crossbows
  7706 | D:7      | Reached skill level 4 in Throwing
  7706 | D:7      | Reached skill level 4 in Armour
  7706 | D:7      | Reached skill level 4 in Shields
  7706 | D:7      | Reached skill level 4 in Unarmed Combat
  7706 | D:7      | Reached skill level 4 in Conjurations
  7706 | D:7      | Reached skill level 4 in Summonings
  7706 | D:7      | Reached skill level 4 in Translocations
  7706 | D:7      | Reached skill level 4 in Evocations
  7777 | D:7      | Found a basalt altar of Yredelemnul.
  7777 | D:7      | Noticed a kobold demonologist
  7783 | D:7      | Killed a kobold demonologist
  7784 | D:7      | Reached skill level 6 in Stealth
  8222 | D:7      | Reached skill level 5 in Invocations
  8374 | D:7      | Found a glowing golden altar of the Shining One.
  8647 | D:8      | Noticed Grum
  8672 | D:8      | Killed Grum
  8673 | D:8      | Reached skill level 4 in Hexes
  8673 | D:8      | Reached skill level 4 in Necromancy
  8673 | D:8      | Reached skill level 4 in Transmutations
  8673 | D:8      | Reached skill level 4 in Fire Magic
  8673 | D:8      | Reached skill level 4 in Ice Magic
  8673 | D:8      | Reached skill level 4 in Air Magic
  8673 | D:8      | Reached skill level 4 in Earth Magic
  8673 | D:8      | Reached skill level 4 in Poison Magic
  8673 | D:8      | Reached XP level 10. HP: 45/73 MP: 16/22
  9156 | D:8      | HP: 9/73 [electric eel/bolt of electricity (13)]
  9157 | D:8      | Reached skill level 5 in Fighting
  9157 | D:8      | Reached skill level 5 in Short Blades
  9157 | D:8      | Reached skill level 5 in Long Blades
  9157 | D:8      | Reached skill level 5 in Axes
  9157 | D:8      | Reached skill level 5 in Maces & Flails
  9157 | D:8      | Reached skill level 5 in Polearms
  9157 | D:8      | Reached skill level 5 in Staves
  9157 | D:8      | Reached skill level 5 in Slings
  9157 | D:8      | Reached skill level 5 in Bows
  9157 | D:8      | Reached skill level 5 in Crossbows
  9157 | D:8      | Reached skill level 5 in Throwing
  9157 | D:8      | Reached skill level 5 in Armour
  9157 | D:8      | Reached skill level 5 in Shields
  9157 | D:8      | Reached skill level 5 in Unarmed Combat
  9157 | D:8      | Reached skill level 5 in Evocations
  9919 | D:8      | Noticed a gargoyle
 10164 | D:3      | Killed Thatpatchoflichen's ghost
 10165 | D:3      | Reached skill level 7 in Dodging
 10400 | D:4      | Found a runed translucent door.
 10401 | D:4      | Noticed Crazy Yiuf
 10532 | D:4      | Found a staircase to the Ecumenical Temple.
 10575 | D:4      | Killed Edmund
 10576 | D:4      | Reached skill level 9 in Spellcasting
 10980 | D:4      | Killed Crazy Yiuf
 10980 | D:4      | Reached ***** piety under Kikubaaqudgha
 11101 | D:4      | Killed Blork the orc
 11397 | D:6      | Reached skill level 5 in Conjurations
 11397 | D:6      | Reached skill level 5 in Summonings
 11397 | D:6      | Reached skill level 5 in Translocations
 11420 | D:6      | Killed Grinder
 11496 | D:6      | Found a hazy altar of Hepliaklqana.
 11590 | D:8      | Reached skill level 6 in Invocations
 11614 | D:8      | Reached skill level 7 in Stealth
 12006 | D:8      | Killed a gargoyle
 12699 | D:9      | Found a staircase to the Orcish Mines.
 12781 | D:9      | Paralysed by a hornet for 2 turns
 12784 | D:9      | Reached XP level 11. HP: 74/81 MP: 21/24
 12822 | D:9      | Found a staircase to the Lair.
 13050 | D:9      | Noticed an eight-headed hydra
 13107 | D:10     | Entered Level 10 of the Dungeon
 13139 | D:9      | Reached skill level 6 in Fighting
 13139 | D:9      | Reached skill level 6 in Short Blades
 13139 | D:9      | Reached skill level 6 in Long Blades
 13139 | D:9      | Reached skill level 6 in Axes
 13139 | D:9      | Reached skill level 6 in Maces & Flails
 13139 | D:9      | Reached skill level 6 in Polearms
 13139 | D:9      | Reached skill level 6 in Staves
 13139 | D:9      | Reached skill level 6 in Slings
 13139 | D:9      | Reached skill level 6 in Bows
 13139 | D:9      | Reached skill level 6 in Crossbows
 13139 | D:9      | Reached skill level 6 in Throwing
 13139 | D:9      | Reached skill level 6 in Armour
 13139 | D:9      | Reached skill level 6 in Shields
 13139 | D:9      | Reached skill level 6 in Unarmed Combat
 13139 | D:9      | Reached skill level 6 in Evocations
 13252 | D:10     | Reached skill level 5 in Hexes
 13252 | D:10     | Reached skill level 5 in Necromancy
 13252 | D:10     | Reached skill level 5 in Transmutations
 13252 | D:10     | Reached skill level 5 in Fire Magic
 13252 | D:10     | Reached skill level 5 in Ice Magic
 13252 | D:10     | Reached skill level 5 in Air Magic
 13252 | D:10     | Reached skill level 5 in Earth Magic
 13252 | D:10     | Reached skill level 5 in Poison Magic
 14219 | D:9      | Found a runed translucent gate.
 14220 | D:9      | Found a runed translucent gate.
 14220 | D:9      | Found a runed translucent gate.
 14220 | D:9      | Noticed dduke234's ghost (novice HOMo)
 14241 | D:9      | Learned a level 4 spell: Sticky Flame
 14547 | Lair:1   | Entered Level 1 of the Lair of Beasts
 14596 | Lair:1   | Acquired a book of Blasting
 14603 | Lair:1   | Learned a level 4 spell: Fulminant Prism
 14603 | Lair:1   | Acquired the amulet "Ulofyu" {rElec rPois Regen+}
 14798 | Lair:1   | Identified the +6 hunting sling of Fumeex {venom, rC++
                  | Dex+2 Stlth+}
 14893 | Lair:1   | Noticed an eight-headed hydra
 14912 | Lair:1   | Killed an eight-headed hydra
 14913 | Lair:1   | Reached skill level 7 in Invocations
 15258 | Lair:2   | Found a staircase to the Shoals.
 15261 | Lair:2   | Noticed an eight-headed hydra
 15295 | Lair:2   | Reached skill level 8 in Dodging
 15324 | Lair:2   | Found a staircase to the Snake Pit.
 15527 | Lair:2   | Identified the +2 robe of Dishonour {Rampage rF+ rC+
                  | Stlth-}
 15718 | Lair:2   | Reached skill level 6 in Conjurations
 15718 | Lair:2   | Reached skill level 6 in Summonings
 15718 | Lair:2   | Reached skill level 6 in Translocations
 15720 | Lair:2   | Noticed an eight-headed hydra
 15800 | Lair:1   | Reached skill level 8 in Stealth
 15846 | Lair:1   | Killed an eight-headed hydra
 15895 | Lair:2   | Killed an eight-headed hydra
 15896 | Lair:2   | Reached XP level 12. HP: 52/89 MP: 18/25
 16103 | Lair:2   | Reached skill level 10 in Spellcasting
 16175 | Lair:2   | Found a runed translucent gate.
 16176 | Lair:2   | Found a runed translucent gate.
 16177 | Lair:2   | Found a runed translucent gate.
 16178 | Lair:2   | Noticed velxir3's ghost (journeyman DjNe)
 16179 | Lair:2   | Noticed Renzlar's ghost (journeyman GnFi)
 16257 | Lair:2   | Reached skill level 7 in Fighting
 16257 | Lair:2   | Reached skill level 7 in Short Blades
 16257 | Lair:2   | Reached skill level 7 in Long Blades
 16257 | Lair:2   | Reached skill level 7 in Axes
 16257 | Lair:2   | Reached skill level 7 in Maces & Flails
 16257 | Lair:2   | Reached skill level 7 in Polearms
 16257 | Lair:2   | Reached skill level 7 in Staves
 16257 | Lair:2   | Reached skill level 7 in Slings
 16257 | Lair:2   | Reached skill level 7 in Bows
 16257 | Lair:2   | Reached skill level 7 in Crossbows
 16257 | Lair:2   | Reached skill level 7 in Throwing
 16257 | Lair:2   | Reached skill level 7 in Armour
 16257 | Lair:2   | Reached skill level 7 in Shields
 16257 | Lair:2   | Reached skill level 7 in Unarmed Combat
 16257 | Lair:2   | Reached skill level 7 in Evocations
 16911 | Lair:3   | Reached skill level 6 in Hexes
 16911 | Lair:3   | Reached skill level 6 in Necromancy
 16911 | Lair:3   | Reached skill level 6 in Transmutations
 16911 | Lair:3   | Reached skill level 6 in Fire Magic
 16911 | Lair:3   | Reached skill level 6 in Ice Magic
 16911 | Lair:3   | Reached skill level 6 in Air Magic
 16911 | Lair:3   | Reached skill level 6 in Earth Magic
 16911 | Lair:3   | Reached skill level 6 in Poison Magic
 16991 | Lair:3   | Reached skill level 8 in Invocations
 17003 | Lair:3   | Noticed a death yak
 17032 | Lair:2   | Killed a death yak
 17421 | Lair:3   | Learned a level 5 spell: Borgnjor's Vile Clutch
 17901 | Lair:4   | Reached skill level 9 in Dodging
 18183 | Lair:4   | Noticed a five-headed hydra
 18192 | Lair:4   | You fall into a shaft and drop 2 floors!
 18192 | Lair:6   | Entered Level 6 of the Lair of Beasts
 18232 | Lair:5   | Noticed a seven-headed hydra
 18252 | Lair:5   | Found an ornate altar of the Wu Jian Council.
 18282 | Lair:5   | Killed a seven-headed hydra
 18372 | Lair:5   | Reached skill level 9 in Stealth
 18372 | Lair:5   | Reached XP level 13. HP: 98/98 MP: 27/27
 18664 | Lair:4   | Reached skill level 8 in Fighting
 18664 | Lair:4   | Reached skill level 8 in Short Blades
 18664 | Lair:4   | Reached skill level 8 in Long Blades
 18664 | Lair:4   | Reached skill level 8 in Axes
 18664 | Lair:4   | Reached skill level 8 in Maces & Flails
 18664 | Lair:4   | Reached skill level 8 in Polearms
 18664 | Lair:4   | Reached skill level 8 in Staves
 18664 | Lair:4   | Reached skill level 8 in Slings
 18664 | Lair:4   | Reached skill level 8 in Bows
 18664 | Lair:4   | Reached skill level 8 in Crossbows
 18664 | Lair:4   | Reached skill level 8 in Throwing
 18664 | Lair:4   | Reached skill level 8 in Armour
 18664 | Lair:4   | Reached skill level 8 in Shields
 18664 | Lair:4   | Reached skill level 8 in Unarmed Combat
 18664 | Lair:4   | Reached skill level 7 in Conjurations
 18664 | Lair:4   | Reached skill level 7 in Summonings
 18664 | Lair:4   | Reached skill level 7 in Translocations
 18664 | Lair:4   | Reached skill level 8 in Evocations
 18991 | Lair:5   | Found a staircase to the Slime Pits.
 19036 | Lair:5   | Reached ****** piety under Kikubaaqudgha
 19200 | Lair:5   | Reached skill level 9 in Invocations
 19839 | Lair:5   | Reached skill level 7 in Hexes
 19839 | Lair:5   | Reached skill level 7 in Necromancy
 19839 | Lair:5   | Reached skill level 7 in Transmutations
 19839 | Lair:5   | Reached skill level 7 in Fire Magic
 19839 | Lair:5   | Reached skill level 7 in Ice Magic
 19839 | Lair:5   | Reached skill level 7 in Air Magic
 19839 | Lair:5   | Reached skill level 7 in Earth Magic
 19839 | Lair:5   | Reached skill level 7 in Poison Magic
 20132 | Lair:6   | Reached skill level 11 in Spellcasting
 20174 | Lair:6   | HP: 24/99 [poisoned by a black mamba]
 20175 | Lair:6   | HP: 9/99 [elephant (14)]
 20251 | Lair:6   | HP: 24/99 [something (7)]
 20252 | Lair:6   | HP: 11/99 [something (14)]
 20491 | Lair:6   | Reached XP level 14. HP: 106/106 MP: 21/29
 20619 | Lair:6   | Reached skill level 10 in Dodging
 20858 | Lair:6   | Reached skill level 9 in Fighting
 20858 | Lair:6   | Reached skill level 9 in Short Blades
 20858 | Lair:6   | Reached skill level 9 in Long Blades
 20858 | Lair:6   | Reached skill level 9 in Axes
 20858 | Lair:6   | Reached skill level 9 in Maces & Flails
 20858 | Lair:6   | Reached skill level 9 in Polearms
 20858 | Lair:6   | Reached skill level 9 in Staves
 20858 | Lair:6   | Reached skill level 9 in Slings
 20858 | Lair:6   | Reached skill level 9 in Bows
 20858 | Lair:6   | Reached skill level 9 in Crossbows
 20858 | Lair:6   | Reached skill level 9 in Throwing
 20858 | Lair:6   | Reached skill level 9 in Armour
 20858 | Lair:6   | Reached skill level 9 in Shields
 20858 | Lair:6   | Reached skill level 9 in Unarmed Combat
 20858 | Lair:6   | Reached skill level 9 in Evocations
 21036 | Lair:6   | Reached skill level 10 in Stealth
 21432 | Lair:6   | Reached skill level 8 in Conjurations
 21432 | Lair:6   | Reached skill level 8 in Summonings
 21432 | Lair:6   | Reached skill level 8 in Translocations
 21540 | Lair:6   | Reached skill level 10 in Invocations
 22522 | Lair:6   | Identified the +6 trident of Flawed Execution {protect,
                  | Int+3}
 22736 | Lair:6   | Identified the +0 robe "Justes" {Will+ Str+4 Dex-3}
 22741 | Lair:6   | Got Racvoibb's Tome of Dusty Companions
 22894 | Lair:6   | Found a blossoming altar of Fedhas.
 23226 | D:9      | Found a snail-covered altar of Cheibriados.
 23231 | D:9      | Found an iron altar of Okawaru.
 23232 | D:9      | Found an ornate altar of the Wu Jian Council.
 23233 | D:9      | Found a shadowy altar of Dithmenos.
 23386 | D:9      | Found a shimmering blue altar of Sif Muna.
 23542 | D:9      | Killed dduke234's ghost
 23756 | Orc:1    | Entered Level 1 of the Orcish Mines
 23788 | D:9      | Reached skill level 8 in Hexes
 23788 | D:9      | Reached skill level 8 in Necromancy
 23788 | D:9      | Reached skill level 8 in Transmutations
 23788 | D:9      | Reached skill level 8 in Fire Magic
 23788 | D:9      | Reached skill level 8 in Ice Magic
 23788 | D:9      | Reached skill level 8 in Air Magic
 23788 | D:9      | Reached skill level 8 in Earth Magic
 23788 | D:9      | Reached skill level 8 in Poison Magic
 24566 | Orc:2    | Entered Level 2 of the Orcish Mines
 24802 | Orc:2    | Found a staircase to the Elven Halls.
 25075 | Orc:2    | Noticed an orc warlord
 25212 | Orc:2    | Reached XP level 15. HP: 108/115 MP: 26/30
 25799 | Orc:2    | Noticed an orc warlord
 25932 | Orc:2    | Killed an orc warlord
 26295 | Orc:2    | Killed an orc warlord
 26502 | Orc:2    | Reached skill level 12 in Spellcasting
 26515 | Orc:2    | Found Fobiapn's Jewellery Boutique.
 26601 | Orc:2    | Found Kubahix's Magic Scroll Shop.
 26616 | Orc:2    | Bought a scroll of enchant weapon for 112 gold pieces
 26847 | Orc:2    | Reached skill level 10 in Fighting
 26847 | Orc:2    | Reached skill level 10 in Short Blades
 26847 | Orc:2    | Reached skill level 10 in Long Blades
 26847 | Orc:2    | Reached skill level 10 in Axes
 26847 | Orc:2    | Reached skill level 10 in Maces & Flails
 26847 | Orc:2    | Reached skill level 10 in Polearms
 26847 | Orc:2    | Reached skill level 10 in Staves
 26847 | Orc:2    | Reached skill level 10 in Slings
 26847 | Orc:2    | Reached skill level 10 in Bows
 26847 | Orc:2    | Reached skill level 10 in Crossbows
 26847 | Orc:2    | Reached skill level 10 in Throwing
 26847 | Orc:2    | Reached skill level 10 in Armour
 26847 | Orc:2    | Reached skill level 10 in Shields
 26847 | Orc:2    | Reached skill level 10 in Unarmed Combat
 26847 | Orc:2    | Reached skill level 10 in Evocations
 27019 | Orc:2    | Found Kuch's Book Boutique.
 27030 | Orc:2    | Found Innub's Magic Scroll Shop.
 27069 | Orc:2    | Bought a scroll of blinking for 112 gold pieces
 27069 | Orc:2    | Bought a scroll of identify for 30 gold pieces
 27069 | Orc:2    | Bought a scroll of teleportation for 45 gold pieces
 27069 | Orc:2    | Bought a scroll of teleportation for 45 gold pieces
 27069 | Orc:2    | Bought a scroll of identify for 30 gold pieces
 27069 | Orc:2    | Bought a scroll of identify for 30 gold pieces
 27069 | Orc:2    | Bought 3 scrolls of identify for 90 gold pieces
 27077 | Orc:2    | Bought a scroll of silence for 112 gold pieces
 27077 | Orc:2    | Bought a scroll of immolation for 52 gold pieces
 27321 | Orc:2    | Reached skill level 11 in Dodging
 27514 | Orc:2    | Bought a scroll of identify for 30 gold pieces
 27514 | Orc:2    | Bought a scroll of identify for 30 gold pieces
 27514 | Orc:2    | Bought a scroll of identify for 30 gold pieces
 27514 | Orc:2    | Bought a scroll of identify for 30 gold pieces
 27514 | Orc:2    | Bought a scroll of identify for 30 gold pieces
 27672 | Snake:1  | Entered Level 1 of the Snake Pit
 27672 | Snake:1  | Noticed a nagaraja
 27681 | Snake:1  | Killed a nagaraja
 27816 | Snake:1  | Reached skill level 11 in Invocations
 28015 | Snake:1  | Reached skill level 11 in Stealth
 28387 | Snake:1  | Reached skill level 9 in Conjurations
 28387 | Snake:1  | Reached skill level 9 in Summonings
 28387 | Snake:1  | Reached skill level 9 in Translocations
 30519 | D:12     | Reached XP level 16. HP: 123/123 MP: 14/32
 30965 | D:13     | Noticed Rupert
 30965 | D:13     | Found a gate to the Vaults.
 31297 | D:3      | Bought a ring of see invisible for 165 gold pieces
 31730 | Lair:2   | Killed velxir3's ghost
 31739 | Lair:2   | Killed Renzlar's ghost
 32116 | Orc:2    | Bought a book of Power for 672 gold pieces
 32116 | Orc:2    | Bought a book of Ice for 736 gold pieces
 32123 | Orc:2    | Learned a level 5 spell: Freezing Cloud
 32332 | Shoals:1 | Entered Level 1 of the Shoals
 32744 | Lair:2   | Reached skill level 9 in Hexes
 32744 | Lair:2   | Reached skill level 9 in Necromancy
 32744 | Lair:2   | Reached skill level 9 in Transmutations
 32744 | Lair:2   | Reached skill level 9 in Fire Magic
 32744 | Lair:2   | Reached skill level 9 in Ice Magic
 32744 | Lair:2   | Reached skill level 9 in Air Magic
 32744 | Lair:2   | Reached skill level 9 in Earth Magic
 32744 | Lair:2   | Reached skill level 9 in Poison Magic
 33458 | Elf:1    | Entered Level 1 of the Elven Halls
 33622 | Elf:2    | Found Izaddauta's Jewellery Shoppe.
 33837 | Elf:1    | Paralysed by an air elemental for 1 turns
 35240 | Elf:2    | Reached skill level 11 in Fighting
 35240 | Elf:2    | Reached skill level 11 in Short Blades
 35240 | Elf:2    | Reached skill level 11 in Long Blades
 35240 | Elf:2    | Reached skill level 11 in Axes
 35240 | Elf:2    | Reached skill level 11 in Maces & Flails
 35240 | Elf:2    | Reached skill level 11 in Polearms
 35240 | Elf:2    | Reached skill level 11 in Staves
 35240 | Elf:2    | Reached skill level 11 in Slings
 35240 | Elf:2    | Reached skill level 11 in Bows
 35240 | Elf:2    | Reached skill level 11 in Crossbows
 35240 | Elf:2    | Reached skill level 11 in Throwing
 35240 | Elf:2    | Reached skill level 11 in Armour
 35240 | Elf:2    | Reached skill level 11 in Shields
 35240 | Elf:2    | Reached skill level 11 in Unarmed Combat
 35240 | Elf:2    | Reached skill level 11 in Evocations
 35391 | Elf:2    | Found Litos's Assorted Antiques.
 35416 | Elf:2    | Bought a pair of masterwork gloves for 275 gold pieces
 35416 | Elf:2    | Identified the +0 pair of gloves "Jemnikys" {rCorr} (You
                  | bought it in a shop on level 2 of the Elven Halls)
 35708 | Elf:2    | Reached skill level 12 in Invocations
 36440 | Elf:2    | Reached skill level 12 in Dodging
 36571 | Elf:2    | Reached XP level 17. HP: 122/123 MP: 22/33
 36695 | Elf:2    | Found Cahy's Book Boutique.
 36732 | Elf:2    | Reached skill level 13 in Spellcasting
 36888 | Elf:2    | Found Boephydi's General Store.
 37109 | Elf:2    | Found a runed translucent gate.
 37109 | Elf:2    | Found a runed translucent gate.
 37109 | Elf:2    | Found a runed translucent gate.
 37210 | Elf:3    | Entered Level 3 of the Elven Halls
 37323 | Elf:3    | Found Ushighef's Gadget Gallery.
 37478 | Elf:3    | Paralysed by an air elemental for 1 turns
 37481 | Elf:3    | Paralysed by an air elemental for 1 turns
 37487 | Elf:3    | Noticed an Executioner
 37489 | Elf:3    | Reached skill level 12 in Stealth
 38092 | Elf:3    | Found Biqey's Armour Emporium.
 38493 | Elf:3    | Reached skill level 10 in Conjurations
 38493 | Elf:3    | Reached skill level 10 in Summonings
 38493 | Elf:3    | Reached skill level 10 in Translocations
 38495 | Elf:3    | Noticed a deep elf blademaster
 38508 | Elf:3    | Killed a deep elf blademaster
 38683 | Elf:3    | Noticed a deep elf master archer
 38689 | Elf:3    | Killed a deep elf master archer
 38715 | Elf:3    | Identified the ring "Vonyuff" {rC++ Str+6 Int+5 Slay-4}
 38885 | Elf:3    | Noticed a deep elf master archer
 38894 | Elf:3    | Killed a deep elf master archer
 39113 | Elf:3    | Noticed a deep elf blademaster
 39114 | Elf:3    | Reached skill level 10 in Hexes
 39114 | Elf:3    | Reached skill level 10 in Necromancy
 39114 | Elf:3    | Reached skill level 10 in Transmutations
 39114 | Elf:3    | Reached skill level 10 in Fire Magic
 39114 | Elf:3    | Reached skill level 10 in Ice Magic
 39114 | Elf:3    | Reached skill level 10 in Air Magic
 39114 | Elf:3    | Reached skill level 10 in Earth Magic
 39114 | Elf:3    | Reached skill level 10 in Poison Magic
 39347 | Elf:3    | Killed a deep elf blademaster
 39553 | Elf:3    | Paralysed by an air elemental for 1 turns
 40198 | Elf:3    | Found the +7 pair of quick blades "Gyre" and "Gimble"
                  | {protect}
 40213 | Elf:3    | Got Wyddoeho's Guide on Sinister Fire
 40226 | Elf:3    | Identified the +0 scale mail "Sakhote" {Rampage rC- Dex+3}
 40303 | Elf:3    | Bought a wand of acid (8) for 264 gold pieces
 40678 | D:13     | Reached XP level 18. HP: 133/137 MP: 25/35
 40911 | D:13     | Killed Rupert
 40925 | D:13     | Reached skill level 13 in Invocations
 41262 | D:13     | You fall into a shaft and drop 2 floors!
 41262 | D:15     | Entered Level 15 of the Dungeon
 41336 | D:15     | Reached skill level 12 in Fighting
 41336 | D:15     | Reached skill level 12 in Short Blades
 41336 | D:15     | Reached skill level 12 in Long Blades
 41336 | D:15     | Reached skill level 12 in Axes
 41336 | D:15     | Reached skill level 12 in Maces & Flails
 41336 | D:15     | Reached skill level 12 in Polearms
 41336 | D:15     | Reached skill level 12 in Staves
 41336 | D:15     | Reached skill level 12 in Slings
 41336 | D:15     | Reached skill level 12 in Bows
 41336 | D:15     | Reached skill level 12 in Crossbows
 41336 | D:15     | Reached skill level 12 in Throwing
 41336 | D:15     | Reached skill level 12 in Armour
 41336 | D:15     | Reached skill level 12 in Shields
 41336 | D:15     | Reached skill level 12 in Unarmed Combat
 41336 | D:15     | Reached skill level 12 in Evocations
 41546 | D:14     | Identified Roxanne's Disquisition on Moulding
 41546 | D:14     | Noticed Roxanne
 42503 | D:14     | Killed Roxanne
 42917 | D:15     | Acquired the +3 sling "Punk" {acid, rCorr}
 42917 | D:15     | Found the +3 sling "Punk" {acid, rCorr}
 44215 | D:15     | Found a staircase to the Depths.
 44300 | Depths:1 | Entered Level 1 of the Depths
 44544 | Depths:1 | Reached skill level 13 in Dodging
 44701 | Depths:1 | HP: 34/140 [frost giant/bolt of cold (26)]
 45234 | Depths:1 | Found a one-way gate to the infinite horrors of the Abyss.
 45253 | Depths:1 | Reached skill level 13 in Stealth
 45518 | Depths:1 | Noticed Mara
 45524 | Depths:1 | Noticed packetloss's illusion
 45527 | Depths:1 | Killed Mara
 45528 | Depths:1 | Reached skill level 14 in Spellcasting
 45528 | Depths:1 | Reached skill level 14 in Invocations
 45700 | Depths:1 | Found a runed translucent door.
 45738 | Depths:1 | Found Cenicamm's Assorted Antiques.
 45746 | Depths:1 | Bought a potion of heal wounds for 210 gold pieces
 45746 | Depths:1 | Bought a scroll of blinking for 315 gold pieces
 45767 | Depths:1 | Found a gateway to a ziggurat.
 45855 | Depths:1 | Found a gateway to Hell.
 45936 | Depths:2 | Reached XP level 19. HP: 147/147 MP: 14/37
 46088 | Depths:2 | Reached skill level 11 in Conjurations
 46088 | Depths:2 | Reached skill level 11 in Summonings
 46088 | Depths:2 | Reached skill level 11 in Translocations
 46986 | Depths:2 | Identified the +4 glaive of Thoughtfulness {antimagic,
                  | rPois Int+2}
 47340 | Depths:2 | Reached skill level 11 in Hexes
 47340 | Depths:2 | Reached skill level 11 in Necromancy
 47340 | Depths:2 | Reached skill level 11 in Transmutations
 47340 | Depths:2 | Reached skill level 11 in Fire Magic
 47340 | Depths:2 | Reached skill level 11 in Ice Magic
 47340 | Depths:2 | Reached skill level 11 in Air Magic
 47340 | Depths:2 | Reached skill level 11 in Earth Magic
 47340 | Depths:2 | Reached skill level 11 in Poison Magic
 47800 | Depths:2 | Noticed Asterion
 47816 | Depths:2 | Killed Asterion
 48002 | Depths:2 | Found a runed translucent gate.
 48003 | Depths:2 | Found a runed translucent gate.
 48007 | Depths:2 | Found a runed translucent gate.
 48014 | Depths:2 | Noticed Ubraesch's ghost (adept TrMo)
 48170 | Depths:2 | Found a sparkling altar of Nemelex Xobeh.
 48361 | Depths:1 | Reached skill level 15 in Invocations
 48769 | Depths:2 | Reached skill level 13 in Fighting
 48769 | Depths:2 | Reached skill level 13 in Short Blades
 48769 | Depths:2 | Reached skill level 13 in Long Blades
 48769 | Depths:2 | Reached skill level 13 in Axes
 48769 | Depths:2 | Reached skill level 13 in Maces & Flails
 48769 | Depths:2 | Reached skill level 13 in Polearms
 48769 | Depths:2 | Reached skill level 13 in Staves
 48769 | Depths:2 | Reached skill level 13 in Slings
 48769 | Depths:2 | Reached skill level 13 in Bows
 48769 | Depths:2 | Reached skill level 13 in Crossbows
 48769 | Depths:2 | Reached skill level 13 in Throwing
 48769 | Depths:2 | Reached skill level 13 in Armour
 48769 | Depths:2 | Reached skill level 13 in Shields
 48769 | Depths:2 | Reached skill level 13 in Unarmed Combat
 48769 | Depths:2 | Reached skill level 13 in Evocations
 49006 | Depths:2 | Identified the +0 ring mail "Alo Yhut" {rCorr Int+5 SInv}
 50037 | Shoals:1 | Got the Volume of Bewitchment and Intoxication
 51172 | Shoals:3 | Reached XP level 20. HP: 151/156 MP: 21/38
 52821 | Shoals:4 | Entered Level 4 of the Shoals
 53567 | Shoals:4 | Reached skill level 14 in Dodging
 53743 | Shoals:4 | Noticed Ilsuiw
 53755 | Shoals:4 | Killed Ilsuiw
 53759 | Shoals:4 | Identified the amulet of the Pariah {rElec Regen+}
 54097 | Shoals:4 | Reached skill level 14 in Stealth
 54101 | Shoals:4 | Reached skill level 16 in Invocations
 54385 | Shoals:4 | Got a barnacled rune of Zot
 55354 | Shoals:4 | Identified the +0 robe of the Modern Teeth {Harm}
 55449 | Shoals:4 | Reached skill level 15 in Spellcasting
 55887 | Vaults:1 | Entered Level 1 of the Vaults
 56079 | D:13     | Learned a level 5 spell: Lee's Rapid Deconstruction
 56799 | Vaults:1 | Reached skill level 12 in Conjurations
 56799 | Vaults:1 | Reached skill level 12 in Summonings
 56799 | Vaults:1 | Reached skill level 12 in Translocations
 56955 | Vaults:1 | Reached XP level 21. HP: 158/164 MP: 22/40
 57034 | Vaults:1 | Identified the +1 scale mail of the Skies Above {rC++ Dex+2
                  | Slay-5}
 58170 | Vaults:3 | Reached skill level 12 in Hexes
 58170 | Vaults:3 | Reached skill level 12 in Necromancy
 58170 | Vaults:3 | Reached skill level 12 in Transmutations
 58170 | Vaults:3 | Reached skill level 12 in Fire Magic
 58170 | Vaults:3 | Reached skill level 12 in Ice Magic
 58170 | Vaults:3 | Reached skill level 12 in Air Magic
 58170 | Vaults:3 | Reached skill level 12 in Earth Magic
 58170 | Vaults:3 | Reached skill level 12 in Poison Magic
 58384 | Vaults:2 | Found a staircase to the Crypt.
 58602 | Vaults:2 | Reached skill level 14 in Fighting
 58602 | Vaults:2 | Reached skill level 14 in Short Blades
 58602 | Vaults:2 | Reached skill level 14 in Long Blades
 58602 | Vaults:2 | Reached skill level 14 in Axes
 58602 | Vaults:2 | Reached skill level 14 in Maces & Flails
 58602 | Vaults:2 | Reached skill level 14 in Polearms
 58602 | Vaults:2 | Reached skill level 14 in Staves
 58602 | Vaults:2 | Reached skill level 14 in Slings
 58602 | Vaults:2 | Reached skill level 14 in Bows
 58602 | Vaults:2 | Reached skill level 14 in Crossbows
 58602 | Vaults:2 | Reached skill level 14 in Throwing
 58602 | Vaults:2 | Reached skill level 14 in Armour
 58602 | Vaults:2 | Reached skill level 14 in Shields
 58602 | Vaults:2 | Reached skill level 14 in Unarmed Combat
 58602 | Vaults:2 | Reached skill level 14 in Evocations
 58772 | Vaults:2 | Reached skill level 17 in Invocations
 60082 | Vaults:4 | Found a magical portal.
 60093 | WizLab   | Entered Zonguldrok's Shrine
 61570 | WizLab   | Noticed an antique lich
 61580 | WizLab   | Killed an antique lich
 61919 | Vaults:4 | Reached XP level 22. HP: 172/172 MP: 29/41
 62287 | Vaults:4 | Reached skill level 15 in Dodging
 63036 | Vaults:3 | Reached skill level 15 in Stealth
 63512 | Vaults:3 | Reached skill level 18 in Invocations
 65436 | Depths:3 | Reached skill level 16 in Spellcasting
 65600 | Depths:3 | Noticed Xtahua
 65609 | Depths:3 | Cast into level 2 of the Abyss (a wizard)
 65947 | Abyss:3  | Found a corrupted altar of Lugonu.
 66001 | Abyss:3  | Found a glowing golden altar of the Shining One.
 66097 | Abyss:3  | Noticed a juggernaut
 66120 | Abyss:3  | Killed a juggernaut
 66123 | Abyss:3  | Reached skill level 13 in Conjurations
 66123 | Abyss:3  | Reached skill level 13 in Summonings
 66123 | Abyss:3  | Reached skill level 13 in Translocations
 66178 | Abyss:3  | Got an abyssal rune of Zot
 66208 | Depths:3 | Escaped the Abyss
 66225 | Depths:3 | Killed Xtahua
 66226 | Depths:3 | Reached XP level 23. HP: 149/180 MP: 21/43
 66281 | Depths:3 | Found Rooloqit's Weapon Shoppe.
 66911 | D:3      | Bought the ring of Gulun {Ice rN+ Will+ Dex+2} for 506 gold
                  | pieces
 67445 | Depths:3 | Reached skill level 15 in Fighting
 67445 | Depths:3 | Reached skill level 15 in Short Blades
 67445 | Depths:3 | Reached skill level 15 in Long Blades
 67445 | Depths:3 | Reached skill level 15 in Axes
 67445 | Depths:3 | Reached skill level 15 in Maces & Flails
 67445 | Depths:3 | Reached skill level 15 in Polearms
 67445 | Depths:3 | Reached skill level 15 in Staves
 67445 | Depths:3 | Reached skill level 15 in Slings
 67445 | Depths:3 | Reached skill level 15 in Bows
 67445 | Depths:3 | Reached skill level 15 in Crossbows
 67445 | Depths:3 | Reached skill level 15 in Throwing
 67445 | Depths:3 | Reached skill level 15 in Armour
 67445 | Depths:3 | Reached skill level 15 in Shields
 67445 | Depths:3 | Reached skill level 15 in Unarmed Combat
 67445 | Depths:3 | Reached skill level 15 in Evocations
 67461 | Depths:3 | Noticed Mennas
 67923 | Depths:1 | Killed Ubraesch's ghost
 68295 | Depths:2 | Reached skill level 13 in Hexes
 68295 | Depths:2 | Reached skill level 13 in Necromancy
 68295 | Depths:2 | Reached skill level 13 in Transmutations
 68295 | Depths:2 | Reached skill level 13 in Fire Magic
 68295 | Depths:2 | Reached skill level 13 in Ice Magic
 68295 | Depths:2 | Reached skill level 13 in Air Magic
 68295 | Depths:2 | Reached skill level 13 in Earth Magic
 68295 | Depths:2 | Reached skill level 13 in Poison Magic
 68377 | Depths:2 | Identified the +1 pair of boots "Yfucot" {rElec rCorr
                  | Dex+4}
 68475 | Depths:3 | Found a one-way gate leading to the halls of Pandemonium.
 68635 | Depths:3 | Noticed a royal mummy
 68645 | Depths:3 | Killed a royal mummy
 68710 | Depths:3 | Noticed a royal mummy
 68717 | Depths:3 | HP: 38/181 [death scarab[a royal mummy] (21)]
 68718 | Depths:3 | HP: 12/181 [emperor scorpion[a royal mummy] (8)]
 68718 | Depths:3 | Mangled by a death scarab

Illustrated notes

Levels and vault maps discovered:
D:1:      dpeg_arrival_rooms_b, layout_loops_ring,
          shapermc_ecumenical_altar_mp_urbaneastern
D:2:      layout_rooms, minivault_5
D:3:      layout_loops_corners, mainiacjoe_overflow_cross_hatched, serial_shops,
          shop, gammafunk_ghost_nasty_kobolds, kennysheep_generic_room_2
D:4:      layout_basic, mainiacjoe_overflow_catwalk,
          minmay_temple_entry_antechambers, chequers_jeans, lemuel_flame_loot_1,
          uniq_blork_the_orc, uniq_edmund, uniq_crazy_yiuf_cottage
D:5:      layout_loops_ring, ashenzari_conservatory_becter,
          gup_sewer_entry_glass
D:6:      layout_loops_ring, trog_book, mainiacjoe_overflow_alcove_2,
          supply_closet_lemuel, hangedman_abyss_or_decor_stagger,
          minmay_ogre_servants, uniq_grinder, uniq_sigmund, uniq_menkaure
D:7:      layout_rooms, nicolae_tso_swordbearing_angel,
          mainiacjoe_overflow_alcove_1, grunt_ministairs_2, fountainhead,
          minmay_stone_trees_small, kennysheep_dice, uniq_prince_ribbit1
D:8:      minmay_inner_zag, layout_loops_ring, serial_bayou_lagoon_b, uniq_grum
D:9:      minmay_spotlight, layout_basic, led_sif_book,
          mainiacjoe_overflow_alcove_3, erik_lair_orcish_takeover, orc_0_dummy,
          ebering_ghost_rock_garden
D:10:     layout_layer_cave, chequers_serial_rivers_small_3
D:11:     layout_basic
D:12:     layout_small_grid, kennysheep_small_spiral
D:13:     layout_basic, david_vaults_3
D:14:     layout_long_grid, uniq_roxanne
D:15:     gammafunk_enter_depths_forms, layout_basic, minivault_26
Lair:1:   layout_roguey
Lair:2:   kb_forest_paths, layout_regular_city, elwin_shoals_entry_rocks,
          guppyfry_snake_entry_garden, gammafunk_ghost_cemetery
Lair:3:   layout_chaotic_city, hangedman_lair_unloving_vines
Lair:4:   layout_roguey, grunt_forest_stairs_clearing
Lair:5:   layout_loops_ring, minmay_slime_entry_eyes, basic_altar,
          infiniplex_staircase_pool_2
Lair:6:   gammafunk_lair_ancient_temple, layout_long_grid, tgw_fedhas,
          minmay_lair_oklob_chamber, lemuel_fruit_tree
Shoals:1: layout_shoals, portal_ice_cave_entry_ugly_swarm
Shoals:2: layout_shoals, st_cyclops
Shoals:3: layout_shoals
Shoals:4: shoals_end_hangedman, layout_shoals, shoal_ilsuiw
Snake:1:  layout_cave_shapes, drop_trap, hangedman_snake_wide_pillar_pass,
          guppyfry_snake_island, serial_bayou_shore_b, minmay_shop_star
Orc:1:    layout_caves
Orc:2:    pubby_orc_utopia
Elf:1:    nicolae_elf_arrival_fired_up, layout_rooms, evilmike_minifort,
          st_stairs_5, nicolae_elf_stone_circles
Elf:2:    elven_hall_of_blades_hangedman_original [nooodl_blade_entry_preview],
          layout_loops_corners, serial_shops, nicolae_shop_overgrown_old_shop,
          nicolae_square_shop, shop, shop, minivault_5
Elf:3:    elf_hall, layout_geoelf_castle, serial_shops, shop, st_stairs_8,
          nicolae_shop_gadgets
Vaults:1: vaults_mumra_chevron_long, v_alt_pattern_4, v_alt_pattern_4,
          nicolae_vaults_stairing_the_circle,
          hangedman_vaults_stretched_pinwheel, ontoclasm_vaults_tryst,
          nicolae_vaults_big_ls, vaults_room_door_hall,
          nicolae_vaults_ring_of_whatevers, hangedman_vaults_hat,
          v_alt_pattern_6, vaults_standard_mumra_x, nicolae_vaults_rhombus_5,
          vaults_dpeg_doors, vaults_room_pools, layout_vaults_maze_bifur
Vaults:2: nicolae_vaults_circle_grid_b, v_misc_2, v_misc_4,
          hangedman_vaults_corner_blocks, layout_vaults_quadrants,
          minmay_crypt_entry_simple_statues
Vaults:3: vaults_dpeg_diagonal, vaults_mumra_minichess_inversion,
          nicolae_vaults_back_hallway, v_misc_11, ontoclasm_vaults_bender,
          hangedman_vaults_stretched_pinwheel, vaults_room_glass_cross,
          ontoclasm_vaults_chip, nicolae_vaults_three_branches,
          vaults_room_stairs_pillars, layout_vaults_big_room
Vaults:4: v_misc_10, grunt_vaults_swirl, nicolae_vaults_big_angled_halls,
          hangedman_vaults_nails, v_misc_33, v_rooms_5, v_misc_25, v_pattern_2,
          vaults_room_fancy_cross, nicolae_vaults_rhombus_7,
          nicolae_vaults_gold_heap, ontoclasm_vaults_ring_large,
          layout_vaults_omnibox, mu_enter_wizlab_1
Depths:1: layout_cave_pools, enter_ziggurat_a, chequers_serial_rivers_room_a,
          grunt_hell_entry_dis_grunt, abyss_entry, serial_shops, shop,
          nrook_mini_backslash, minmay_crystal_box, uniq_mara
Depths:2: kennysheep_demon_jail, layout_gridville, hellmouth_3,
          nemelex_diamond_rough_becter, gammafunk_ghost_tricky_traps,
          serial_bayou_shore_b, uniq_asterion
Depths:3: minmay_guarded_unrand_sceptre_of_torment, layout_small_grid,
          minmay_misc_feat_enclosed, hellmouth_1, serial_shops, shop, pan_entry,
          infiniplex_staircase_pool_1, uniq_xtahua, uniq_mennas

Skill      XL: |  1  2  3  4  5  6  7  8  9 10 11 12 13 14 15 16 17 18 19 20 21 22 23 |
---------------+----------------------------------------------------------------------+-----
Conjurations   | 2 3 4 5 6 7 8 9 10 11 12 13 | 13.1
Summonings     | 2 3 4 5 6 7 8 9 10 11 12 13 | 13.1
Translocations | 2 3 4 5 6 7 8 9 10 11 12 13 | 13.1
Invocations    | 1 2 3 4 5 6 7 8 9 10 11 12 14 15 16 17 18 | 18.9
Fighting       | 1 2 3 4 5 6 7 8 9 10 11 12 13 14 15 | 15.1
Short Blades   | 1 2 3 4 5 6 7 8 9 10 11 12 13 14 15 | 15.1
Long Blades    | 1 2 3 4 5 6 7 8 9 10 11 12 13 14 15 | 15.1
Axes           | 1 2 3 4 5 6 7 8 9 10 11 12 13 14 15 | 15.1
Maces & Flails | 1 2 3 4 5 6 7 8 9 10 11 12 13 14 15 | 15.1
Polearms       | 1 2 3 4 5 6 7 8 9 10 11 12 13 14 15 | 15.1
Staves         | 1 2 3 4 5 6 7 8 9 10 11 12 13 14 15 | 15.1
Slings         | 1 2 3 4 5 6 7 8 9 10 11 12 13 14 15 | 15.1
Bows           | 1 2 3 4 5 6 7 8 9 10 11 12 13 14 15 | 15.1
Crossbows      | 1 2 3 4 5 6 7 8 9 10 11 12 13 14 15 | 15.1
Throwing       | 1 2 3 4 5 6 7 8 9 10 11 12 13 14 15 | 15.1
Armour         | 1 2 3 4 5 6 7 8 9 10 11 12 13 14 15 | 15.1
Shields        | 1 2 3 4 5 6 7 8 9 10 11 12 13 14 15 | 15.1
Unarmed Combat | 1 2 3 4 5 6 7 8 9 10 11 12 13 14 15 | 15.1
Evocations     | 1 2 3 4 5 6 7 8 9 10 11 12 13 14 15 | 15.1
Hexes          | 1 2 3 4 5 6 7 8 9 10 11 12 13 | 13.0
Necromancy     | 1 2 3 4 5 6 7 8 9 10 11 12 13 | 13.0
Transmutations | 1 2 3 4 5 6 7 8 9 10 11 12 13 | 13.0
Fire Magic     | 1 2 3 4 5 6 7 8 9 10 11 12 13 | 13.0
Ice Magic      | 1 2 3 4 5 6 7 8 9 10 11 12 13 | 13.0
Air Magic      | 1 2 3 4 5 6 7 8 9 10 11 12 13 | 13.0
Earth Magic    | 1 2 3 4 5 6 7 8 9 10 11 12 13 | 13.0
Poison Magic   | 1 2 3 4 5 6 7 8 9 10 11 12 13 | 13.0
Dodging        | 5 6 7 8 9 10 11 12 13 14 15 | 15.6
Stealth        | 5 6 7 8 9 10 11 12 13 14 15 | 15.5
Spellcasting   | 8 9 10 11 12 13 14 15 16 | 16.3

Action                   |  1- 3 |  4- 6 |  7- 9 | 10-12 | 13-15 | 16-18 | 19-21 | 22-24 || total
-------------------------+-------+-------+-------+-------+-------+-------+-------+-------++-------
Melee: Dagger            |    13 |     5 |       |       |       |       |       |       ||    18
       Bite              |     1 |     8 |    18 |    22 |    42 |     2 |     7 |       ||   100
       Hand axe          |       |    82 |    39 |       |       |       |       |       ||   121
       Flail             |       |       |     8 |       |       |       |       |       ||     8
       Quarterstaff      |       |       |    96 |   306 |   293 |       |       |       ||   695
       Trident           |       |       |       |       |   104 |    32 |    36 |       ||   172
 Fire: Hunting sling     |       |       |       |   275 |   711 |   642 |       |       ||  1628
       Fustibalus        |       |       |       |       |       |   273 |  1356 |   540 ||  2169
 Cast: Magic Dart        |    81 |   195 |    35 |    27 |     9 |       |       |       ||   347
       Ensorcelled Hiber |     5 |     8 |     8 |     4 |       |       |       |       ||    25
       Mephitic Cloud    |       |     7 |    31 |    65 |    85 |     4 |       |       ||   192
       Call Imp          |       |       |       |     1 |       |       |       |       ||     1
       Blink             |       |       |       |     6 |       |     1 |     2 |       ||     9
       Dispel Undead     |       |       |       |     5 |       |       |       |       ||     5
       Sticky Flame      |       |       |       |     6 |    19 |     5 |       |       ||    30
       Borgnjor's Vile C |       |       |       |       |   118 |   236 |   288 |    99 ||   741
       Fulminant Prism   |       |       |       |       |    58 |    28 |     4 |     9 ||    99
       Freezing Cloud    |       |       |       |       |       |    81 |   137 |    59 ||   277
       Lee's Rapid Decon |       |       |       |       |       |       |     6 |     8 ||    14
Evoke: Wand              |       |       |       |       |     3 |     3 |     1 |       ||     7
  Use: Scroll            |       |     6 |     7 |     7 |    16 |     6 |     4 |     3 ||    49
       Potion            |       |       |       |       |     5 |     4 |     1 |     3 ||    13
 Stab: Sleeping          |     1 |     4 |     5 |     3 |       |       |       |       ||    13
       Confused          |       |     9 |    18 |    21 |    33 |     1 |       |       ||    82
       Distracted        |       |       |     1 |     5 |     6 |       |       |       ||    12
Armor: Robe              |     5 |    23 |    21 |    18 |       |       |       |       ||    67
       Ring mail         |       |       |       |   143 |   196 |    87 |   140 |    28 ||   594
       Fire dragon scale |       |       |       |       |       |       |       |    13 ||    13
Dodge: Dodged            |    20 |    78 |    81 |   228 |   346 |   162 |   276 |   101 ||  1292
       Repelled          |       |       |       |       |       |       |    15 |     5 ||    20
Block: Buckler           |       |       |       |       |    40 |    86 |   136 |    49 ||   311
       Reflection        |       |       |       |       |       |     1 |    29 |     9 ||    39
